 Dungeon Crawl Stone Soup version 0.32-a0-928-g1cae6b7ea0 (webtiles) character file.

Game seed: 2048225982884694263

27 Autsider the Firebug (level 2, 0/31 HPs)
             Began as a Demonspawn Fire Elementalist on Apr 12, 2024.
             Succumbed to an adder's poison
             ... on level 2 of the Dungeon.
             The game lasted 00:02:40 (922 turns).

Autsider the Firebug (Demonspawn Fire Elementalist)  Turns: 922, Time: 00:02:41

Health: 0/31       AC:  2    Str:  8    XL:     2   Next: 93%
Magic:  1/5        EV: 11    Int: 15    God:
Gold:   18         SH:  0    Dex: 13    Spells: 2/5 levels left

rFire   . . .        e - +0 mace
rCold   . . .        (no shield)
rNeg    . . .        a - +0 robe
rPois   .            (no helmet)
rElec   .            (no cloak)
rCorr   .            (no gloves)
SInv    .            (no boots)
Will    .....        (no amulet) Stlth
                     (no ring)
HPRegen 0.25/turn    (no ring)
MPRegen 0.09/turn

%: no passive effects
@: berserking, lethally poisoned (0 -> -9), very quick
A: hooves 1
a: no special abilities


You were on level 2 of the Dungeon.
You visited 1 branch of the dungeon, and saw 2 of its levels.

You collected 18 gold pieces.

Inventory:

Hand Weapons
 e - a +0 mace (weapon)
Missiles
 g - 6 atropa-tipped darts
Armour
 a - a +0 robe (worn)
Jewellery
 i - a +6 ring of intelligence
 j - a ring of poison resistance
Scrolls
 d - 2 scrolls of vulnerability {unknown}
 h - 2 scrolls of revelation {unknown}
 k - a scroll of identify {unknown}
 l - 2 scrolls of enchant armour {unknown}
Potions
 b - a potion of magic
 f - a potion of brilliance {unknown}


   Skills:
 + Level 1.3 Fighting
 - Level 2.0 Dodging
 + Level 2.3 Stealth
 - Level 2.0 Spellcasting
 - Level 1.0 Conjurations
 + Level 3.0 Fire Magic


You had 2 spell levels left.
You knew the following spells:

 Your Spells              Type           Power      Damage    Failure   Level
a - Foxfire               Conj/Fire      28%        2x1d5     10%         1
b - Scorch                Fire           20%        2d5       10%         2

Your spell library contained the following spells:

 Spells                   Type           Power      Damage    Failure   Level
 Magic Dart               Conj           16%        1d3       14%         1
 Slow                     Hex            4%         N/A       22%         1
 Searing Ray              Conj           8%         2d4       22%         2
 Inner Flame              Hex/Fire       6%         N/A       34%         3
 Volatile Blastmotes      Fire/Tloc      12%        2d11      34%         3
 Confusing Touch          Hex            1%         N/A       54%         3
 Vampiric Draining        Necr           1%         2d6       54%         3
 Flame Wave               Conj/Fire      7%         2d5       67%         4
 Fulminant Prism          Conj/Alch      1%         3d5       87%         4


Dungeon Overview and Level Annotations

Branches:
Dungeon (2/15)

Altars:


Innate Abilities, Weirdness & Mutations

You have large cloven feet.


Message History

The adder bites you. The adder barely misses you.
Casting: Scorch (safe; 10% risk of failure)
Confirm with . or Enter, or press ? or * to list all spells.
Flames lash the adder.
The adder is heavily wounded.
The adder's fire resistance burns away.
The adder bites you but does no damage.
Casting: Scorch (safe; 10% risk of failure)
Confirm with . or Enter, or press ? or * to list all spells.
You don't have enough magic to cast this spell.
You closely miss the adder. Your kick misses the adder.
The adder is heavily wounded.
The adder barely misses you. The adder bites you.
Your magical contamination has completely faded away.
You are too injured to fight recklessly!
Casting: Scorch (safe; 10% risk of failure)
Confirm with . or Enter, or press ? or * to list all spells.
You don't have enough magic to cast this spell.
You are too injured to fight recklessly!
You are too injured to fight recklessly!
You closely miss the adder. You kick the adder.
The adder is heavily wounded.
The adder bites you.
* * * LOW HITPOINT WARNING * * *
You are poisoned.
The adder poisons you! The adder bites you.
* * * LOW HITPOINT WARNING * * *
You are lethally poisoned!
The adder poisons you!
You miss the adder. Your kick misses the adder.
The adder is heavily wounded.
* * * LOW HITPOINT WARNING * * *
You feel very sick.
The adder is no longer more vulnerable to fire.
The adder bites you.
* * * LOW HITPOINT WARNING * * *
Unknown command.
It was a potion of berserk rage.
A red film seems to cover your vision as you go berserk!
You feel yourself moving faster!
You feel mighty!
You die...

#.# #.... ##.# #....
#..# #.... ##
#..#####.... #.
#......'....
######.####.#.######....
#.......... #.# #####
.........##.#.# #
.......@.##.#.# #
..####S#.##.#.# #
#.#.##.#.# # #.#.##.#.#
# #.#....#.######## #
#........†....... #
#................
#.......#########
#####....<..#


You could see an adder.

Vanquished Creatures
  3 dart slugs
  An endoplasm (D:1)
  2 giant cockroaches (D:1)
  3 goblins (D:1)
  A hobgoblin (D:1)
  3 ball pythons (D:1)
  3 bats
  3 frilled lizards (D:1)
  A kobold (D:1)
  A rat (D:1)
21 creatures vanquished.

Vanquished Creatures (others)
  29 foxfires
29 creatures vanquished.

Grand Total: 50 creatures vanquished

Notes
Turn   | Place    | Note
-------+----------+-------------------------------------------
     0 | D:1      | Autsider the Demonspawn Fire Elementalist began the quest
                  | for the Orb.
     0 | D:1      | Reached XP level 1. HP: 13/13 MP: 3/3
   308 | D:1      | Gained mutation: You have large cloven feet. [demonic
                  | ancestry]
   308 | D:1      | Reached XP level 2. HP: 20/20 MP: 1/5
   385 | D:1      | Learned a level 2 spell: Scorch
   602 | D:1      | Reached skill level 1 in Fighting
   667 | D:1      | Reached skill level 3 in Fire Magic
   921 | D:2      | HP: 1/21 [adder (2)]
   922 | D:2      | Succumbed to an adder's poison

Illustrated notes

Levels and vault maps discovered:
D:1:      scummos_arrival_gate, layout_basic
D:2:      layout_basic

Skill      XL: |  1  2 |
---------------+-------+-----
Stealth        | 2 |  2.3
Dodging        | 2 |  2.0
Fighting       | 1 |  1.3
Fire Magic     | 3 |  3.0
Spellcasting   | |  2.0
Conjurations   | |  1.0

Action                     || total
---------------------------++-------
  Melee: Mace              ||    15
         Unarmed           ||     3
         Kick              ||     2
   Cast: Foxfire           ||    18
         Scorch            ||     8
    Use: Potion            ||     1
 Armour: Robe              ||    17
  Dodge: Dodged            ||    14

Table legend: (Time is in decaauts)
 A = Elapsed time spent in this place.
 B = Non-inter-level travel time spent in this place.
 C = Inter-level travel time spent in this place.
 D = Time resting spent in this place.
 E = Time spent auto-exploring this place.
 F = Levels seen in this place.
 G = Mean time per level.
                   A        B        C        D        E       F      G
               +--------+--------+--------+--------+--------+-----+--------+
         Total |    927 |    923 |      4 |      0 |    765 |   2 |  463.5 |
       Dungeon |    927 |    923 |      4 |      0 |    765 |   2 |  463.5 |
               +--------+--------+--------+--------+--------+-----+--------+

Top non-repeatable levels by time:
     D:1: 791 daAuts
     D:2: 135 daAuts
